 Dungeon Crawl Stone Soup version 0.19-a0-994-g3c636f0 (webtiles) character file.

65 ImbarsBidbib the Magician (level 3, -1/19 HPs)
             Began as a Deep Elf Fire Elementalist on July 15, 2016.
             Slain by a kobold
             ... wielding a cursed -1 short sword
              (6 damage)
             ... on level 2 of the Dungeon.
             The game lasted 00:02:33 (1243 turns).

ImbarsBidbib the Magician (DEFE)                    Turns: 1243, Time: 00:02:34

Health: -1/19      AC:  3    Str:  5    XL:     3   Next: 94%
Magic:  8/10       EV: 13    Int: 18    God:
Gold:   48         SH:  0    Dex: 15    Spells: 2 memorised, 6 levels left

rFire  . . .     SeeInvis .     j - +2 whip (venom)
rCold  . . .     Gourm    .     a - +1 robe
rNeg   . . .     Faith    .     (no shield)
rPois  .         Spirit   .     (no helmet)
rElec  .         Dismiss  .     (no cloak)
rCorr  .         Reflect  .     (no gloves)
SustAt .         Harm     .     (no boots)
MR     .....                    (no amulet)
Stlth  ++........               (no ring)
                                e - -2 ring of intelligence (curse)

@: lethally poisoned (-1 -> -12), not resistant to hostile enchantments,
unstealthy
A: no striking features
a: no special abilities


You were on level 2 of the Dungeon.
You were not hungry.

You visited 1 branch of the dungeon, and saw 2 of its levels.

You collected 48 gold pieces.

Inventory:

Hand Weapons
 j - a +2 whip of venom (weapon)
Armour
 a - a +1 robe (worn)
Jewellery
 e - a cursed -2 ring of intelligence (left hand)
Scrolls
 h - 2 scrolls of identify
Potions
 d - a potion of haste
Books
 b - a book of Flames

   Spells                             Type                      Level
   a - Flame Tongue                   Conjuration/Fire             1
   b - Throw Flame                    Conjuration/Fire             2
   c - Conjure Flame                  Conjuration/Fire             3
   d - Inner Flame                    Hexes/Fire                   3
   e - Sticky Flame                   Conjuration/Fire             4
   f - Fireball                       Conjuration/Fire             5
Comestibles
 c - 4 bread rations
 f - a beef jerky
 g - 2 chunks of flesh


   Skills:
 - Level 2.4 Dodging
 - Level 2.4 Stealth
 + Level 4.1 Spellcasting
 - Level 3.1 Conjurations
 + Level 3.6 Fire Magic


You had 6 spell levels left.
You knew the following spells:

 Your Spells              Type           Power        Failure   Level  Hunger
a - Flame Tongue          Conj/Fire      ###..        4%          1    None
b - Conjure Flame         Conj/Fire      ###.....     14%         3    ###....


Dungeon Overview and Level Annotations

Branches:
Dungeon (2/15)

Altars:


Message History

You are lethally poisoned!
The adder poisons you! The kobold misses you.
Casting: Flame Tongue
Confirm with . or Enter, or press ? or * to list all spells.
Aiming: Flame Tongue
Press: ? - help, Shift-Dir - straight line, f - adder
Aim: an adder The flame tongue hits the adder.
The adder is lightly wounded.
You feel sick. The adder bites you. The kobold closely misses you.
Casting: Flame Tongue
Confirm with . or Enter, or press ? or * to list all spells.
Aiming: Flame Tongue
Press: ? - help, Shift-Dir - straight line, f/p - adder
Aim: an adder (lightly wounded)
The flame tongue hits the adder.
The adder is heavily wounded.
* * * LOW HITPOINT WARNING * * *
You feel sick. The adder misses you. The kobold hits you with a short sword.
You die...

###.#......#
#.#.####.##.#
.##.#####..# # #. #<##.#
.##.# #..# #.#######.#
.##.# #..# .... #.#
..#.# #..# ##+#... ..#
#.#.#####.)### #....#
### #............#
#....#
##.######..#.###.S..##..
#.# #.......@K...... #.#
#...(.....#####. #..
#........## ##.
#...###..$# .. #..##
###... .. #.. ....# ##.
###.# .#


You could see an adder and a kobold.

Vanquished Creatures
  A gnoll (D:1)
  2 adders (D:2)
  An ooze (D:2)
  A dart slug (D:1)
  3 giant geckos (D:1)
  A bat (D:2)
  A giant cockroach (D:2)
  5 goblins
  5 hobgoblins (D:1)
  3 kobolds
  A ball python (D:1)
  2 giant newts (D:1)
  2 rats
28 creatures vanquished.

Notes
Turn   | Place    | Note
-------+----------+-------------------------------------------
     0 | D:1      | ImbarsBidbib the Deep Elf Fire Elementalist began the quest for the Orb.
     0 | D:1      | Reached XP level 1. HP: 10/10 MP: 6/6
   116 | D:1      | Reached XP level 2. HP: 15/15 MP: 4/8
   544 | D:1      | Reached XP level 3. HP: 19/19 MP: 10/10
   960 | D:2      | Learned a level 3 spell: Conjure Flame
  1054 | D:2      | Reached skill level 4 in Spellcasting
  1243 | D:2      | Slain by a kobold

Vault maps used:
D:1:      dpeg_arrival_rhombus
D:2:      overflow_temple_1_default, st_stairs_13, minmay_misc_feat_encased,
          nemelex_diamond_rough_becter

Skill      XL: |  1  2  3 |
---------------+----------+-----
Conjurations   | 2 3 |  3.1
Spellcasting   | 4 |  4.1
Dodging        | |  2.4
Stealth        | |  2.4
Fire Magic     | |  3.6

Action                   || total
-------------------------++-------
Melee: Short sword       ||     8
       Whip              ||    31
 Cast: Flame Tongue      ||    23
  Use: Scroll            ||     2
 Stab: Sleeping          ||     2
  Eat: Chunk             ||     1
Armor: Robe              ||     4
Dodge: Dodged            ||    43
